BLB
BATAVIA MUCKDOGS @ WINDY CITY BLUES
08/30/2059
 
TOP OF THE 1ST
Batavia Muckdogs batting - Pitching for Windy City Blues : RHP James Peters
Pitching: RHP James Peters
Batting: RHB Robbie McGath 0-0: Ball
1-0: Swinging Strike
1-1: Ground out 4-3 (Groundball, 4, EV 85.0 MPH)
Batting: RHB R.J. McCarthy 0-0: Called Strike
0-1: Foul Ball, location: 2F
0-2: Hit by Pitch
Batting: LHB Donald Dworkin 0-0: Called Strike
0-1: Called Strike
0-2: Ball
1-2: Ball
2-2: Foul Ball, location: 2F
2-2: Ball
3-2: Base on Balls
R.J. McCarthy to second
Batting: LHB Edward Schachter 0-0: Foul Ball, location: 2F
0-1: Foul Ball, location: 2F
0-2: Ball
1-2: Foul Ball, location: 2F
1-2: Strikes out swinging
Batting: RHB Wade Cummins 0-0: Called Strike
0-1: Foul Ball, location: 2F
0-2: Strikes out swinging
Top of the 1st over - 0 runs, 0 hits, 0 errors, 2 left on base; Batavia 0 - Windy City 0
BOTTOM OF THE 1ST
Windy City Blues batting - Pitching for Batavia Muckdogs : LHP Dwyane Essex
Pitching: LHP Dwyane Essex
Batting: RHB Ty Dec 0-0: Called Strike
0-1: Ball
1-1: SINGLE (Line Drive, 8RS, EV 103.1 MPH)
Batting: RHB Dulani Cherry 0-0: Ball
Ty Dec steals 2nd base
1-0: Ball
2-0: Ball
3-0: Called Strike
3-1: Called Strike
3-2: Base on Balls
Batting: RHB Ezekiel Wolfson 0-0: Ball
1-0: Called Strike
1-1: Called Strike
1-2: Ball
2-2: Strikes out swinging
Batting: RHB Corbin Herron 0-0: Called Strike
0-1: Ball
1-1: Ball
2-1: Ball
3-1: Base on Balls
Ty Dec to third
Dulani Cherry to second
Batting: RHB Dorsey Brewer 0-0: Grounds into double play, 6-4-3 (Groundball, 6, EV 79.4 MPH)
Bottom of the 1st over - 0 runs, 1 hit, 0 errors, 2 left on base; Batavia 0 - Windy City 0
TOP OF THE 2ND
Batavia Muckdogs batting - Pitching for Windy City Blues : RHP James Peters
Batting: LHB Carl Brinkley 0-0: Swinging Strike
0-1: Called Strike
0-2: Ball
1-2: Strikes out swinging
Batting: RHB Julius McCurdy 0-0: Called Strike
0-1: Swinging Strike
0-2: Strikes out swinging
Batting: LHB Stefan Ciolino 0-0: Ball
1-0: Ball
2-0: Ball
3-0: Base on Balls
Batting: RHB Destin Fransen 0-0: Called Strike
0-1: Ball
1-1: Swinging Strike
1-2: Strikes out looking
Top of the 2nd over - 0 runs, 0 hits, 0 errors, 1 left on base; Batavia 0 - Windy City 0
BOTTOM OF THE 2ND
Windy City Blues batting - Pitching for Batavia Muckdogs : LHP Dwyane Essex
Batting: RHB Brad Castro 0-0: Ball
1-0: SINGLE (Groundball, 4MD, EV 98.8 MPH)
Batting: RHB Forest Cordova 0-0: Called Strike
0-1: Fly out, F8 (Flyball, 8LD, EV 85.0 MPH)
Batting: RHB K.J. Avery 0-0: Called Strike
0-1: Grounds into double play, 6-4-3 (Groundball, 6, EV 79.4 MPH)
Bottom of the 2nd over - 0 runs, 1 hit, 0 errors, 0 left on base; Batavia 0 - Windy City 0
TOP OF THE 3RD
Batavia Muckdogs batting - Pitching for Windy City Blues : RHP James Peters
Batting: RHB Robbie McGath 0-0: Called Strike
0-1: Fly out, F9 (Flyball, 9, EV 89.4 MPH)
Batting: RHB R.J. McCarthy 0-0: Ball
1-0: Ball
2-0: Called Strike
2-1: Ball
3-1: Base on Balls
Batting: LHB Donald Dworkin 0-0: Fly out, F9 (Flyball, 89S, EV 90.0 MPH)
Batting: LHB Edward Schachter 0-0: SINGLE (Line Drive, 8LS, EV 109.4 MPH)
R.J. McCarthy to second
Batting: RHB Wade Cummins 0-0: Called Strike
0-1: Called Strike
0-2: Strikes out swinging
Top of the 3rd over - 0 runs, 1 hit, 0 errors, 2 left on base; Batavia 0 - Windy City 0
BOTTOM OF THE 3RD
Windy City Blues batting - Pitching for Batavia Muckdogs : LHP Dwyane Essex
Batting: RHB Del Tarrance 0-0: Ball
1-0: Called Strike
1-1: Ground out 6-3 (Groundball, 6, EV 80.6 MPH)
Batting: RHB Ty Dec 0-0: Foul Ball, location: 2F
0-1: Ball
1-1: Foul Ball, location: 2F
1-2: Ball
2-2: Foul Ball, location: 2F
2-2: Foul Ball, location: 2F
2-2: Foul Ball, location: 2F
2-2: Ball
3-2: Base on Balls
Batting: RHB Dulani Cherry 0-0: Ball
1-0: Swinging Strike
1-1: Foul Ball, location: 2F
1-2: Foul Ball, location: 2F
1-2: Strikes out looking
Batting: RHB Ezekiel Wolfson 0-0: Foul Ball, location: 2F
0-1: Ball
1-1: Called Strike
1-2: Foul Ball, location: 2F
1-2: Ball
2-2: Fly out, F8 (Flyball, 8RM, EV 80.6 MPH)
Bottom of the 3rd over - 0 runs, 0 hits, 0 errors, 1 left on base; Batavia 0 - Windy City 0
TOP OF THE 4TH
Batavia Muckdogs batting - Pitching for Windy City Blues : RHP James Peters
Batting: LHB Carl Brinkley 0-0: Ball
1-0: Ball
2-0: Foul Ball, location: 2F
2-1: SINGLE (Line Drive, 89S, EV 100.0 MPH)
Batting: RHB Julius McCurdy 0-0: Ball
Wild Pitch!
Carl Brinkley to second
1-0: Ball
2-0: Foul Ball, location: 2F
2-1: Ball
3-1: Base on Balls
Batting: LHB Stefan Ciolino 0-0: 3-RUN HOME RUN (Flyball, 9D, EV 93.8 MPH), Distance : 359 ft
Batting: RHB Destin Fransen 0-0: Ball
1-0: Called Strike
1-1: Ball
2-1: Called Strike
2-2: Strikes out swinging
Batting: RHB Robbie McGath 0-0: Ball
1-0: Called Strike
1-1: Foul Ball, location: 2F
1-2: Foul Ball, location: 2F
1-2: SINGLE (Groundball, 6MD, EV 97.5 MPH)
Batting: RHB R.J. McCarthy 0-0: Ball
Wild Pitch!
Robbie McGath to second
1-0: Called Strike
1-1: Ball
2-1: Foul Ball, location: 2F
2-2: Ball
3-2: Strikes out swinging
Batting: LHB Donald Dworkin 0-0: Fly out, F6 (Popup, 4MS, EV 73.8 MPH)
Top of the 4th over - 3 runs, 3 hits, 0 errors, 1 left on base; Batavia 3 - Windy City 0
BOTTOM OF THE 4TH
Windy City Blues batting - Pitching for Batavia Muckdogs : LHP Dwyane Essex
Batting: RHB Corbin Herron 0-0: Called Strike
0-1: Ball
1-1: SINGLE (Flyball, 5D, EV 92.5 MPH)
Batting: RHB Dorsey Brewer 0-0: Swinging Strike
0-1: Swinging Strike
0-2: Foul Ball, location: 2F
0-2: Strikes out looking
Batting: RHB Brad Castro 0-0: Foul Ball, location: 2F
0-1: Foul Ball, location: 2F
0-2: Strikes out swinging
Batting: RHB Forest Cordova 0-0: Called Strike
0-1: Ball
1-1: Ball
2-1: Ball
3-1: Called Strike
3-2: Foul Ball, location: 2F
3-2: Strikes out swinging
Bottom of the 4th over - 0 runs, 1 hit, 0 errors, 1 left on base; Batavia 3 - Windy City 0
TOP OF THE 5TH
Batavia Muckdogs batting - Pitching for Windy City Blues : RHP James Peters
Batting: LHB Edward Schachter 0-0: Ball
1-0: Ground out 2-3 (Groundball, 2R, EV 69.4 MPH)
Batting: RHB Wade Cummins 0-0: Called Strike
0-1: Ball
1-1: Called Strike
1-2: Strikes out swinging
Batting: LHB Carl Brinkley 0-0: Ball
1-0: Foul Ball, location: 2F
1-1: Foul Ball, location: 2F
1-2: Ground out U3 (Groundball, 3, EV 83.8 MPH)
Top of the 5th over - 0 runs, 0 hits, 0 errors, 0 left on base; Batavia 3 - Windy City 0
BOTTOM OF THE 5TH
Windy City Blues batting - Pitching for Batavia Muckdogs : LHP Dwyane Essex
Batting: RHB K.J. Avery 0-0: Ball
1-0: Ball
2-0: Foul Ball, location: 2F
2-1: Swinging Strike
2-2: Strikes out looking
Batting: RHB Del Tarrance 0-0: Fly out, F8 (Flyball, 8RD, EV 98.8 MPH)
Batting: RHB Ty Dec 0-0: Ball
1-0: Ball
2-0: Ball
3-0: Base on Balls
Batting: RHB Dulani Cherry 0-0: Ball
Ty Dec steals 2nd base
1-0: Swinging Strike
1-1: Ball
2-1: Ball
3-1: Called Strike
3-2: Base on Balls
Batting: RHB Ezekiel Wolfson 0-0: DOUBLE (Line Drive, 89XD, EV 100.6 MPH)
Ty Dec scores
Dulani Cherry to third
Batting: RHB Corbin Herron 0-0: Ball
1-0: Ball
2-0: SINGLE (Groundball, 56D, EV 110.0 MPH)
Dulani Cherry scores
Ezekiel Wolfson to third
Runner from 3rd tries for Home, throw by LF and OUT! 7-2
Bottom of the 5th over - 2 runs, 2 hits, 0 errors, 1 left on base; Batavia 3 - Windy City 2
TOP OF THE 6TH
Batavia Muckdogs batting - Pitching for Windy City Blues : RHP James Peters
Batting: RHB Julius McCurdy 0-0: Ball
1-0: Ball
2-0: Called Strike
2-1: Foul Ball, location: 2F
2-2: Ball
3-2: Ground out 6-3 (Groundball, 6, EV 106.9 MPH)
Batting: LHB Stefan Ciolino 0-0: SINGLE (Line Drive, 8LS, EV 90.6 MPH)
Batting: RHB Destin Fransen 0-0: Called Strike
0-1: Ball
1-1: Grounds into double play, 4-6-3 (Groundball, 34, EV 84.4 MPH)
Top of the 6th over - 0 runs, 1 hit, 0 errors, 0 left on base; Batavia 3 - Windy City 2
BOTTOM OF THE 6TH
Windy City Blues batting - Pitching for Batavia Muckdogs : LHP Dwyane Essex
Batting: RHB Dorsey Brewer 0-0: SINGLE (Groundball, 6MD, EV 97.5 MPH)
Batting: RHB Brad Castro 0-0: Ball
1-0: Bunted foul
1-1: Ball
2-1: Ball
3-1: Sac Bunt to 15 - play at first, batter OUT! 1-3
Dorsey Brewer to second
Batting: RHB Forest Cordova 0-0: Called Strike
0-1: Hit by Pitch
Pitching: RHP Murray Williams
Batting: RHB K.J. Avery 0-0: Ball
1-0: Foul Ball, location: 2F
1-1: Foul Ball, location: 2F
1-2: Ball
2-2: Foul Ball, location: 2F
2-2: Strikes out looking
Pinch Hitting: RHB Deontae Howard 0-0: Swinging Strike
0-1: Ball
1-1: Foul Ball, location: 2F
1-2: Strikes out swinging
Bottom of the 6th over - 0 runs, 1 hit, 0 errors, 2 left on base; Batavia 3 - Windy City 2
TOP OF THE 7TH
Batavia Muckdogs batting - Pitching for Windy City Blues : RHP James Peters
Pitching: RHP R.V. Weatherby
Now at 1B: Conner Hawkins
Now at 2B: Dorsey Brewer
Batting: RHB Robbie McGath 0-0: Swinging Strike
0-1: Swinging Strike
0-2: Ball
1-2: Foul Ball, location: 2F
1-2: Strikes out swinging
Batting: RHB R.J. McCarthy 0-0: Ball
1-0: Ball
2-0: Called Strike
2-1: Called Strike
2-2: SOLO HOME RUN (Flyball, 7D, EV 98.8 MPH), Distance : 375 ft
Batting: LHB Donald Dworkin 0-0: SINGLE (Line Drive, 6M, EV 95.0 MPH)
Batting: LHB Edward Schachter 0-0: Called Strike
0-1: 2-RUN HOME RUN (Flyball, 89XD, EV 97.5 MPH), Distance : 401 ft
Batting: RHB Wade Cummins 0-0: Swinging Strike
0-1: Ball
1-1: Foul Ball, location: 2F
1-2: Strikes out swinging
Batting: LHB Carl Brinkley 0-0: Foul Ball, location: 2F
0-1: Foul Ball, location: 2F
0-2: Strikes out swinging
Top of the 7th over - 3 runs, 3 hits, 0 errors, 0 left on base; Batavia 6 - Windy City 2
BOTTOM OF THE 7TH
Windy City Blues batting - Pitching for Batavia Muckdogs : RHP Murray Williams
Batting: RHB Ty Dec 0-0: Called Strike
0-1: Foul Ball, location: 2F
0-2: Ball
1-2: Ball
2-2: Strikes out swinging
Batting: RHB Dulani Cherry 0-0: Ball
1-0: Ball
2-0: Called Strike
2-1: Foul Ball, location: 2F
2-2: Strikes out looking
Batting: RHB Ezekiel Wolfson 0-0: Ball
1-0: Fly out, F9 (Flyball, 9LMF, EV 73.8 MPH)
Bottom of the 7th over - 0 runs, 0 hits, 0 errors, 0 left on base; Batavia 6 - Windy City 2
TOP OF THE 8TH
Batavia Muckdogs batting - Pitching for Windy City Blues : RHP R.V. Weatherby
Batting: RHB Julius McCurdy 0-0: Ground out 6-3 (Groundball, 6, EV 103.8 MPH)
Batting: LHB Stefan Ciolino 0-0: Called Strike
0-1: Fly out, F9 (Flyball, 89M, EV 85.0 MPH)
Batting: RHB Destin Fransen 0-0: Ball
1-0: Foul Ball, location: 2F
1-1: Ball
2-1: Ball
3-1: Called Strike
3-2: Strikes out swinging
Top of the 8th over - 0 runs, 0 hits, 0 errors, 0 left on base; Batavia 6 - Windy City 2
BOTTOM OF THE 8TH
Windy City Blues batting - Pitching for Batavia Muckdogs : RHP Murray Williams
Batting: RHB Corbin Herron 0-0: Ball
1-0: Ball
2-0: Called Strike
2-1: Swinging Strike
2-2: Ball
3-2: Base on Balls
Pitching: RHP Herm Cobaj
Batting: RHB Dorsey Brewer 0-0: Ball
1-0: Called Strike
1-1: Foul Ball, location: 2F
1-2: Strikes out looking
Batting: RHB Brad Castro 0-0: Called Strike
0-1: Ball
1-1: Ball
2-1: Grounds into double play, 6-4-3 (Groundball, 56, EV 105.0 MPH)
Bottom of the 8th over - 0 runs, 0 hits, 0 errors, 0 left on base; Batavia 6 - Windy City 2
TOP OF THE 9TH
Batavia Muckdogs batting - Pitching for Windy City Blues : RHP R.V. Weatherby
Batting: RHB Robbie McGath 0-0: Ball
1-0: Called Strike
1-1: Ball
2-1: Swinging Strike
2-2: Ball
3-2: Strikes out swinging
Batting: RHB R.J. McCarthy 0-0: Called Strike
0-1: Ball
1-1: Foul Ball, location: 2F
1-2: Strikes out swinging
Batting: LHB Donald Dworkin 0-0: Fly out, F8 (Line Drive, 8LD, EV 102.5 MPH)
Top of the 9th over - 0 runs, 0 hits, 0 errors, 0 left on base; Batavia 6 - Windy City 2
BOTTOM OF THE 9TH
Windy City Blues batting - Pitching for Batavia Muckdogs : RHP Herm Cobaj
Pitching: LHP Isaac Bates
Batting: RHB Forest Cordova 0-0: Ball
1-0: Foul Ball, location: 2F
1-1: Ball
2-1: Ball
3-1: SOLO HOME RUN (Flyball, 89XD, EV 106.2 MPH), Distance : 392 ft
Batting: RHB K.J. Avery 0-0: Foul Ball, location: 2F
0-1: SOLO HOME RUN (Line Drive, 7D, EV 100.0 MPH), Distance : 384 ft
Batting: RHB Conner Hawkins 0-0: Called Strike
0-1: Ball
1-1: Ball
2-1: Ground out 5-3 (Groundball, 56, EV 85.0 MPH)
Batting: RHB Ty Dec 0-0: Ball
1-0: Called Strike
1-1: Foul Ball, location: 2F
1-2: Foul Ball, location: 2F
1-2: Strikes out looking
Batting: RHB Dulani Cherry 0-0: Called Strike
0-1: Ball
1-1: Fly out, F8 (Flyball, 78M, EV 96.9 MPH)
Bottom of the 9th over - 2 runs, 2 hits, 0 errors, 0 left on base; Batavia 6 - Windy City 4
Wednesday, March 27th , 2024 - OOTP Baseball 23.10 Build 110